 Dungeon Crawl Stone Soup version 0.22-a0-619-ga0c6fd2 (webtiles) character file.

49 Hebeh the Firebug (level 3, -13/19 HPs)
             Began as a Deep Elf Fire Elementalist on July 14, 2018.
             Mangled by a gnoll
             ... wielding a +0 halberd
              (19 damage)
             ... on level 2 of the Dungeon.
             The game lasted 00:04:52 (1252 turns).

Hebeh the Firebug (Deep Elf Fire Elementalist)      Turns: 1252, Time: 00:04:54

Health: -13/19     AC:  2    Str:  5    XL:     3   Next: 51%
Magic:  0/10       EV: 13    Int: 20    God:
Gold:   62         SH:  0    Dex: 15    Spells: 8/9 levels left

rFire    . . .     SeeInvis .   n - -3 spear (curse)
rCold    . . .     Gourm    .   (no shield)
rNeg     . . .     Faith    .   a - +0 robe
rPois    .         Spirit   .   (no helmet)
rElec    .         Reflect  .   (no cloak)
rCorr    .         Harm     .   (no gloves)
MR       .....                  (no boots)
Stlth    ++........             (no amulet)
HPRegen  0.06/turn              (no ring)
MPRegen  0.12/turn              (no ring)

@: very slightly contaminated
A: no striking features
a: no special abilities


You were on level 2 of the Dungeon.
You were not hungry.

You visited 1 branch of the dungeon, and saw 2 of its levels.

You collected 62 gold pieces.

Inventory:

Hand Weapons
 e - a +0 whip
 n - a cursed -3 spear (weapon)
Missiles
 d - 23 stones (quivered)
Armour
 a - a +0 robe (worn)
Scrolls
 f - 2 scrolls of identify {unknown}
 h - a scroll of teleportation {unknown}
 m - a scroll of blinking {unknown}
 o - a scroll of enchant armour {unknown}
Potions
 b - 2 potions of heal wounds {unknown}
 g - a potion of might {unknown}
 i - a potion of magic {unknown}
 k - a potion of mutation {unknown}
 l - a potion of degeneration {unknown}
Comestibles
 c - 3 rations
 j - 3 chunks of flesh


   Skills:
 - Level 2.4 Dodging
 - Level 2.4 Stealth
 + Level 3.7 Spellcasting
 * Level 2.8 Conjurations
 + Level 3.7 Fire Magic


You had 8 spell levels left.
You knew the following spells:

 Your Spells              Type           Power        Failure   Level  Hunger
a - Flame Tongue          Conj/Fire      ###..        3%          1    None

Your spell library contained the following spells:

 Spells                   Type           Power        Failure   Level  Hunger
 Fireball                 Conj/Fire      ###.......   67%         5    ######.
 Conjure Flame            Conj/Fire      ###.....     11%         3    ###....
 Throw Flame              Conj/Fire      ###...       5%          2    ##.....
 Sticky Flame             Conj/Fire      ###.....     34%         4    ####...
 Inner Flame              Hex/Fire       ##......     19%         3    ###....


Dungeon Overview and Level Annotations

Branches:
Dungeon (2/15)

Altars:
Nemelex Xobeh


Message History

The gnoll is almost dead.
The gnoll barely misses you. The gnoll completely misses you.
Casting: Flame Tongue (safe; 3% risk of failure)
Confirm with . or Enter, or press ? or * to list all spells.
Aiming: Flame Tongue (safe; 3% risk of failure)
Press: ? - help, Shift-Dir - straight line, f/p - gnoll
Aim: a gnoll, wielding a halberd (almost dead)
The flame tongue hits the gnoll.
You kill the gnoll!
Casting: Flame Tongue (safe; 3% risk of failure)
Confirm with . or Enter, or press ? or * to list all spells.
Aiming: Flame Tongue (safe; 3% risk of failure)
Press: ? - help, Shift-Dir - straight line, f - gnoll
Aim: a gnoll, wielding a halberd The flame tongue hits the gnoll.
The gnoll is heavily wounded.
The gnoll hits you from afar with a halberd!!
Ouch! That really hurt!
You die...

..... #.#.#...##
.... #.####### ###
... #.# ..# #+# #.#
#.# #.# #g# #.# #.#
#.# #####.# ##.##
#)#
..##.###...######g#
#.##.##........@..#
##.##.###...########
.......##..##
.......##..#
##.........#
#####.###.# #.# #.#
######.# #.#
.......# #.#


You could see a gnoll.

Vanquished Creatures
  2 gnolls (D:2)
  A worm (D:2)
  A dart slug (D:2)
  4 bats
  3 giant cockroaches
  4 hobgoblins
  A ball python (D:2)
  A frilled lizard (D:1)
  4 goblins (D:1)
  3 kobolds
  A rat (D:2)
25 creatures vanquished.

Notes
Turn   | Place    | Note
-------+----------+-------------------------------------------
     0 | D:1      | Hebeh the Deep Elf Fire Elementalist began the quest for the Orb.
     0 | D:1      | Reached XP level 1. HP: 10/10 MP: 6/6
   265 | D:1      | Reached XP level 2. HP: 15/15 MP: 6/8
   977 | D:2      | Found a sparkling altar of Nemelex Xobeh.
  1137 | D:2      | Reached XP level 3. HP: 19/19 MP: 6/10
  1252 | D:2      | Mangled by a gnoll

Vault maps used:
D:1:      dpeg_arrival_radiant
D:2:      nemelex_xobeh_ov_fountains_minmay

Skill      XL: |  1  2 |
---------------+-------+-----
Conjurations   | 2 |  2.8
Dodging        | |  2.4
Stealth        | |  2.4
Spellcasting   | |  3.7
Fire Magic     | |  3.7

Action                   || total
-------------------------++-------
Throw: Stone             ||    27
 Cast: Flame Tongue      ||    43
  Eat: Chunk             ||     1
Dodge: Dodged            ||    16

Table legend:
 A = Spawn XP
 B = Non-spawn XP
 C = Spawn XP percentage of total XP
 D = Spawn monster count
 E = Non-spawn monster count
 F = Spawn count percentage of total count
 G = Total turns spent on level
                    A         B        C        D         E        F      G
               +---------+---------+-------+---------+---------+-------+---------
         Total |       0 |      70 |   0.0 |       0 |      25 |   0.0 |  1252
               +---------+---------+-------+---------+---------+-------+---------
           D:1 |       0 |      23 |   0.0 |       0 |      14 |   0.0 |   861
           D:2 |       0 |      47 |   0.0 |       0 |      11 |   0.0 |   391
               +---------+---------+-------+---------+---------+-------+---------
